 Dungeon Crawl Stone Soup version 0.16-a0-331-g39fd2ee (webtiles) character file.

22 Ratboiler the Gusty (level 2, 0/30 HPs)
             Began as a Draconian Air Elementalist on Sept 6, 2014.
             Succumbed to an adder's poison
             ... on Level 1 of the Dungeon.
             The game lasted 00:03:33 (715 turns).

Ratboiler the Gusty (Draconian Air Elementalist)     Turns: 715, Time: 00:03:33

HP   0/30        AC 21     Str 10      XL: 2   Next: 68%
MP   2/4         EV  2     Int 15      God:
Gold 46          SH  0     Dex 11      Spells:  2 memorised,  2 levels left

rFire  . . .     SeeInvis .     d - +0 club
rCold  . . .     Clarity  .     (armour unavailable)
rNeg   + + +     rCorr    .     (no shield)
rPois  +         rRot     .     (helmet restricted)
rElec  .         Spirit   .     (cloak currently unavailable)
SustAb .         Warding  .     (gloves currently unavailable)
rMut   .         NoTele   +     (boots currently unavailable)
Gourm  .                        (no amulet)
MR     .....                    (no ring)
                                (no ring)

@: lethally poisoned, short of breath, tree-form, very slightly contaminated,
hasted, very quick, not resistant to hostile enchantments, unstealthy
A: unfitting armour, (big wings), blink 1, breathe flames 1, (fire resistance
0), regeneration 1, spit poison 1, (cold-blooded), AC +4
a: Spit Poison, Blink, Breathe Fire


You were on level 1 of the Dungeon.
You were not hungry.
You were an animated tree.
You visited 1 branch of the dungeon, and saw 1 of its levels.

You collected 46 gold pieces.

Inventory:

Hand weapons
 d - a +0 club (weapon)
Missiles
 a - 11 stones (quivered)
 e - 6 tomahawks
Comestibles
 c - a bread ration
 g - a rotting chunk of rat flesh
 i - a chunk of bat flesh
 j - a chunk of bat flesh
 l - 5 fruits
Scrolls
 h - a scroll of identify
 k - a scroll of teleportation
Books
 b - a book of Air

   Spells                             Type                      Level
   *Shock                             Conjuration/Air              1
   *Swiftness                         Charms/Air                   2
   Repel Missiles                     Charms/Air                   2
   Flight                             Charms/Air                   3
   Static Discharge                   Conjuration/Air              3
   Lightning Bolt                     Conjuration/Air              5


   Skills:
 - Level 1.7 Dodging
 - Level 1.7 Stealth
 - Level 2.0 Spellcasting
 + Level 2.1 Conjurations
 + Level 3.4 Air Magic


You had 2 spell levels left.
You knew the following spells:

 Your Spells              Type           Power        Failure   Level  Hunger
a - Shock                 Conj/Air       #...         10%         1    #......
b - Swiftness             Chrm/Air       #.......     17%         2    ###....


Dungeon Overview and Level Annotations

Branches:
Dungeon (1/15)

Altars:


Innate Abilities, Weirdness & Mutations

((Your plain brown scales are hard (AC +4).))
Your body does not fit into most forms of armour.
((Your cold-blooded metabolism reacts poorly to cold.))
((Your wings are large and strong.))
You can translocate small distances at will.
You can breathe flames.
((Your flesh is heat resistant.))
Your natural rate of healing is unusually fast.
You can spit poison.


Message History

Identify which item? (\ to view known items) (? for menu, Esc to quit)
k - a scroll of teleportation Read which item? (? for menu, Esc to quit)
You cannot teleport right now.
Unknown command.
You aren't carrying any potions.
You cannot move.
* * * LOW HITPOINT WARNING * * *
You feel sick.
The hobgoblin shouts!
Throwing (i - inventory. (,) - cycle):
a - 13 stones (quivered)
Press: ? - help, Shift-Dir - straight line, f - hobgoblin
Aim: a hobgoblin, wielding a club You throw a stone.
The stone hits the hobgoblin.
The hobgoblin is lightly wounded.
Throwing (i - inventory. (,) - cycle):
a - 12 stones (quivered)
Press: ? - help, Shift-Dir - straight line, f/p - hobgoblin
Aim: a hobgoblin, wielding a club (lightly wounded)
You throw a stone. The stone barely misses the hobgoblin.
You die...

#.#.###. ## ##.#.... # ..
##......#### #
#.##...#...... ##
#......#....##### .#
..#.............# .##
#.#...#.....#
..#####.#.#.#.....###....
......(.........♣...g(...
#..####.#.#.###..#######.
##.# #...#......... #.#
######.#######.# #.###..
#.# #..... #..##.# #.#
##.....# ##.##.# ..#
#......# #..#.# #.#
#......# ##.#.####.#
#......#


You could see a hobgoblin.

Vanquished Creatures
  An adder (D:1)
  A giant gecko (D:1)
  A ball python (D:1)
  3 hobgoblins (D:1)
  4 bats (D:1)
  A goblin (D:1)
  A rat (D:1)
12 creatures vanquished.

Vanquished Creatures (others)
  A giant newt (D:1)
1 creature vanquished.

Grand Total: 13 creatures vanquished

Notes
Turn   | Place    | Note
--------------------------------------------------------------
     0 | D:1      | Ratboiler, the Draconian Air Elementalist, began the quest for the Orb.
     0 | D:1      | Reached XP level 1. HP: 14/14 MP: 3/3
   506 | D:1      | Reached XP level 2. HP: 20/20 MP: 2/4
   510 | D:1      | Learned a level 2 spell: Swiftness
   701 | D:1      | Gained mutation: Your natural rate of healing is unusually fast. [potion of mutation]
   701 | D:1      | Gained mutation: You can spit poison. [potion of mutation]
   701 | D:1      | Gained mutation: Your flesh is heat resistant. [potion of mutation]
   705 | D:1      | HP: 1/30 [adder (1)]
   706 | D:1      | Gained mutation: Your wings are large and strong. [potion of mutation]
   706 | D:1      | Gained mutation: You can breathe flames. [potion of mutation]
   706 | D:1      | Gained mutation: You can translocate small distances at will. [potion of mutation]
   711 | D:1      | HP: 1/30 [poisoned by an adder]
   715 | D:1      | Succumbed to an adder's poison

Action                   || total
-------------------------++-------
Melee: Club              ||    44
Throw: Stone             ||     2
 Cast: Shock             ||    13
 Abil: Breathe Fire      ||     1
  Use: Potion            ||     4
       Scroll            ||     1
 Stab: Sleeping          ||     2
